 Dungeon Crawl Stone Soup version 0.21.1-1-g345015f (webtiles) character file.

5746 LairdRich the Cleaver (level 10, -1/93 HPs)
             Began as a Minotaur Berserker on June 9, 2018.
             Was a High Priest of Trog.
             Slain by a killer bee (4 damage)
             ... on level 8 of the Dungeon.
             The game lasted 01:08:26 (10485 turns).

LairdRich the Cleaver (Minotaur Berserker)         Turns: 10485, Time: 01:08:27

Health: -1/93      AC: 18    Str: 24    XL:     10   Next: 49%
Magic:  0/9        EV:  9    Int:  4    God:    Trog [*****.]
Gold:   322        SH:  5    Dex: 11    Spells: 9/9 levels left

rFire    . . .     SeeInvis .   y - +0 broad axe
rCold    . . .     Gourm    .   j - +0 buckler
rNeg     . . .     Faith    .   r - +0 plate armour
rPois    .         Spirit   +   (helmet restricted)
rElec    .         Reflect  .   t - scarf {Spirit}
rCorr    .         Harm     .   C - +0 pair of gloves
MR       +....                  (no boots)
Stlth    ..........             (no amulet)
HPRegen  0.25/turn              I - +3 ring of protection
MPRegen  0.11/turn              G - ring of protection from magic

@: lethally poisoned (-1 -> -4), berserk cooldown, slowed, very slow
A: retaliatory headbutt, horns 2
a: Berserk, Trog's Hand, Brothers in Arms, Burn Spellbooks, Renounce Religion


You were on level 8 of the Dungeon.
You worshipped Trog.
Trog was extremely pleased with you.
You were not hungry.

You visited 2 branches of the dungeon, and saw 9 of its levels.

You collected 454 gold pieces.
You spent 132 gold pieces at shops.

Inventory:

Hand Weapons
 e - a +0 war axe
 g - a +0 hand axe of electrocution
 y - a +0 broad axe (weapon)
 z - a +0 shortbow
 K - a +4 antimagic battleaxe
Missiles
 k - 225 arrows
 o - 63 bolts
 E - 13 poisoned needles
 F - 7 tomahawks (quivered)
Armour
 j - a +0 buckler (worn)
 r - a +0 plate armour (worn)
 t - a scarf of spirit shield (worn)
 C - a +0 pair of gloves (worn)
Jewellery
 G - a ring of protection from magic (right hand)
 I - a +3 ring of protection (left hand)
Wands
 A - a wand of digging (31)
 M - a wand of random effects (31)
Scrolls
 a - a scroll of fog {unknown}
 f - 3 scrolls of amnesia
 i - 2 scrolls of noise {unknown}
 l - 2 scrolls of remove curse
 n - 2 scrolls of teleportation
 p - a scroll of magic mapping {unknown}
 q - a scroll of immolation {unknown}
 x - 6 scrolls of identify
 B - a scroll of enchant armour {unknown}
 H - a scroll of enchant weapon {unknown}
Potions
 b - 2 potions of haste
 d - a potion of agility {unknown}
 h - 5 potions of curing
 m - 3 potions of degeneration {unknown}
 s - 2 potions of flight {unknown}
 u - 2 potions of lignification {unknown}
 v - 2 potions of mutation {unknown}
 w - 2 potions of might {unknown}
 D - a potion of magic {unknown}
 J - a potion of heal wounds
Comestibles
 c - 4 rations
 L - 8 chunks of flesh


   Skills:
 * Level 10.1 Fighting
 * Level 12.0 Axes
 + Level 8.6 Armour
 + Level 5.8 Dodging
 - Level 5.0 Shields


You had 9 spell levels left.
You didn't know any spells.

Dungeon Overview and Level Annotations

Branches:
Dungeon (8/15)             Temple (1/1) D:4
   Lair: D:8-11

Altars:
Cheibriados
Dithmenos
Kikubaaqudgha
Nemelex Xobeh
Vehumet
Zin

Shops:
D:4 =   D:7 !

Annotations:
D:5 Menkaure


Innate Abilities, Weirdness & Mutations

You reflexively headbutt those who attack you in melee.
You have a pair of horns on your head.


Message History

You kill the killer bee!
Trog accepts your kill.
You slash the killer bee!
You kill the killer bee!
Trog accepts your kill.
Your Axes skill increases to level 12!
You feel sick. You block the killer bee's attack. The killer bee stings you.
* * * LOW HITPOINT WARNING * * *
You are lethally poisoned!
The killer bee poisons you!
You miss the killer bee.
* * * LOW HITPOINT WARNING * * *
You feel sick. The killer bee closely misses you. You furiously retaliate!
You headbutt the killer bee, but do no damage.
The killer bee stings you but does no damage. x2
You slash the killer bee! Your headbutt misses the killer bee.
The killer bee is heavily wounded.
* * * LOW HITPOINT WARNING * * *
You feel sick. The killer bee stings you.
You die...

#. #. #. #.#### #.#.. #
#.#.#####.##. ##
######.#†#%......# ..
.......@y%).....##
###################†##.....
...........................
###################.###..##
####.............##.# ..
...#.#####.......##.. .
##.#.#
#.......######.##...#
##.#.#
###....))....#..#...#
##.#.# ##########.#......#


You could see a killer bee.

Vanquished Creatures
  Erica (D:8)
  Pikel (D:8)
  Psyche (D:8)
  A queen bee (D:8)
  A hornet (D:8)
  A hippogriff (D:8)
  3 orc warriors
  2 slaves (D:8)
  2 sky beasts
  2 ice beasts
  A black bear (D:8)
  2 phantoms
  An ogre (D:7)
  3 centaurs
  2 bullfrogs
  2 scorpions
  11 killer bees (D:8)
  5 wights (D:7)
  8 howler monkeys
  2 hounds
  13 orc wizards
  2 jellies (D:5)
  A bullfrog skeleton (D:7)
  7 orc priests
  4 iguanas (D:5)
  5 worker ants
  A killer bee zombie (D:7)
  2 hound zombies
  A hound skeleton (D:6)
  A worker ant zombie (D:5)
  3 gnolls (D:8)
  8 adders
  5 shadow imps
  2 oozes
  An adder zombie (D:6)
  4 adder skeletons
  3 worms
  8 leopard geckos
  27 orcs
  A ball python (D:3)
  10 giant cockroaches
  9 goblins
  18 hobgoblins
  13 jackals
  4 quokkas
  9 bats
  6 frilled lizards
  5 kobolds
  A leopard gecko skeleton (D:4)
  2 quokka skeletons
  A quokka zombie (D:5)
  6 rats
235 creatures vanquished.

Notes
Turn   | Place    | Note
-------+----------+-------------------------------------------
     0 | D:1      | LairdRich the Minotaur Berserker began the quest for the Orb.
     0 | D:1      | Reached XP level 1. HP: 19/19 MP: 0/0
   163 | D:1      | Reached XP level 2. HP: 11/27 MP: 1/1
   358 | D:1      | Reached skill level 4 in Axes
  1098 | D:2      | Reached XP level 3. HP: 13/33 MP: 2/2
  1646 | D:2      | Reached XP level 4. HP: 40/40 MP: 3/3
  1985 | D:2      | Reached ** piety under Trog
  2537 | D:3      | Reached skill level 5 in Axes
  2904 | D:3      | Reached XP level 5. HP: 47/47 MP: 4/4
  3552 | D:3      | Found a glowing silver altar of Zin.
  3552 | D:3      | Found a sparkling altar of Nemelex Xobeh.
  3630 | D:4      | Found Jona's Jewellery Boutique.
  4200 | D:4      | Reached XP level 6. HP: 46/55 MP: 5/5
  4200 | D:4      | Reached *** piety under Trog
  4380 | D:3      | Reached skill level 5 in Fighting
  4380 | D:3      | Reached skill level 6 in Axes
  5262 | D:4      | Reached XP level 7. HP: 61/61 MP: 6/6
  5456 | D:4      | Found a staircase to the Ecumenical Temple.
  5463 | Temple   | Entered the Ecumenical Temple
  5822 | D:5      | Entered Level 5 of the Dungeon
  5894 | D:5      | Reached skill level 1 in Shields
  6008 | D:5      | Reached skill level 7 in Axes
  6012 | D:5      | Reached skill level 5 in Armour
  6735 | D:5      | Reached **** piety under Trog
  6827 | D:6      | Noticed Menkaure
  7118 | D:6      | Reached XP level 8. HP: 58/70 MP: 5/7
  7123 | D:6      | Reached skill level 8 in Axes
  7867 | D:6      | Reached skill level 9 in Axes
  9017 | D:7      | Found Cuprum's Distillery.
  9037 | D:7      | Bought a potion of curing for 36 gold pieces
  9037 | D:7      | Bought a potion of heal wounds for 60 gold pieces
  9037 | D:7      | Bought a potion of curing for 36 gold pieces
  9094 | D:7      | Reached XP level 9. HP: 37/79 MP: 4/8
  9101 | D:7      | Reached ***** piety under Trog
  9478 | D:7      | Reached skill level 5 in Shields
  9489 | D:7      | Reached skill level 10 in Axes
  9562 | D:7      | Received a gift from Trog
  9730 | D:8      | Noticed Psyche
  9763 | D:8      | Killed Psyche
 10070 | D:8      | Noticed Pikel
 10107 | D:8      | Killed Pikel
 10107 | D:8      | Reached skill level 11 in Axes
 10107 | D:8      | Reached skill level 5 in Dodging
 10296 | D:8      | Found a snail-covered altar of Cheibriados.
 10298 | D:8      | Found a shadowy altar of Dithmenos.
 10299 | D:8      | Found an ancient bone altar of Kikubaaqudgha.
 10307 | D:8      | Reached XP level 10. HP: 88/91 MP: 7/9
 10449 | D:8      | Noticed Erica
 10464 | D:8      | Killed Erica
 10468 | D:8      | Reached skill level 10 in Fighting
 10483 | D:8      | Reached skill level 12 in Axes
 10483 | D:8      | HP: 4/93 [killer bee (1)]
 10485 | D:8      | Slain by a killer bee

Skill      XL: |  1  2  3  4  5  6  7  8  9 10 |
---------------+-------------------------------+-----
Axes           | 4 5 6 7 9 11 12 | 12.0
Fighting       | 4 5 6 7 9 10 | 10.1
Armour         | 3 4 5 6 8 |  8.6
Dodging        | 3 4 5 |  5.8
Shields        | 2 4 5 |  5.0

Action                   |  1- 3 |  4- 6 |  7- 9 | 10-12 || total
-------------------------+-------+-------+-------+-------++-------
Melee: Hand axe          |    88 |   113 |       |       ||   201
       Headbutt          |    20 |    27 |    61 |     8 ||   116
       War axe           |       |    28 |   146 |       ||   174
       Broad axe         |       |       |   155 |    61 ||   216
Invok: Berserk           |       |     1 |     5 |     1 ||     7
       Trog's Hand       |       |     1 |     1 |       ||     2
       Burn Spellbooks   |       |       |     1 |       ||     1
  Use: Potion            |     1 |       |       |       ||     1
       Scroll            |       |     4 |     3 |       ||     7
  Eat: Chunk             |     2 |     3 |    16 |       ||    21
       Ration            |       |     3 |     2 |       ||     5
Armor: Animal skin       |     7 |       |       |       ||     7
       Ring mail         |    10 |    41 |       |       ||    51
       Plate armour      |       |    14 |   195 |    64 ||   273
Dodge: Dodged            |    36 |    62 |   119 |    44 ||   261
Block: Buckler           |     4 |    10 |    58 |    25 ||    97
